 Dungeon Crawl Stone Soup version 0.28-a0-60-g54b5640690 (webtiles) character file.

Game seed: 15483713201259846435

9401 Demosthentine the Spear-Bearer (level 11, -4/90 HPs)
             Began as a Merfolk Gladiator on July 30, 2021.
             Was a Believer of the Shining One.
             Succumbed to a death drake's dark miasma
             ... on level 1 of the Abyss.
             The game lasted 00:10:16 (11390 turns).

Demosthentine the Spear-Bearer (Merfolk Gladiator) Turns: 11390, Time: 00:10:16

Health: -4/90      AC:  7    Str: 17    XL:     11   Next: 45%
Magic:  12/12      EV: 25    Int:  8    God:    the Shining One [**....]
Gold:   685        SH:  0    Dex: 22    Spells: 10/10 levels left

rFire   . . .      SeeInvis .   a - +1 trident
rCold   + . .      Faith    .   (no shield)
rNeg    + . .      Spirit   .   b - +0 leather armour
rPois   .          Reflect  .   c - +0 helmet
rElec   .          Harm     .   (no cloak)
rCorr   .          Rampage  .   k - +1 pair of gloves
Will    .....                   (no boots)
Stlth   +.........              j - amulet of regeneration
HPRegen 0.00/turn               h - +4 ring of evasion
MPRegen 0.13/turn               F - ring "Kujuong" {rC+ Dex+6}

@: lethally poisoned (-4 -> -27), about to teleport, mildly diseased, slowed,
glowing, very slow
A: (nimble swimmer 2), mertail
a: Renounce Religion, Divine Shield


You were on level 1 of the Abyss.
You worshipped the Shining One.
The Shining One was pleased with you.
You visited 2 branches of the dungeon, and saw 11 of its levels.
You visited the Abyss 1 time.

You collected 685 gold pieces.

Inventory:

Hand Weapons
 a - a +1 trident (weapon)
Missiles
 d - a throwing net (quivered)
Armour
 b - a +0 leather armour (worn)
 c - a +0 helmet (worn)
 k - a +1 pair of gloves (worn)
Jewellery
 h - a +4 ring of evasion (left hand)
 j - an amulet of regeneration (around neck)
 F - the ring "Kujuong" (right hand) {rC+ Dex+6}
   (You found it on level 7 of the Dungeon)

   [ring of dexterity]

   Dex:       It affects your dexterity (+6).
   rC:        It protects you from cold.
Wands
 e - a wand of paralysis (23)
 i - a wand of flame (15)
 q - a wand of iceblast (3)
 s - a wand of acid (12)
 w - a wand of digging (6)
Scrolls
 t - 2 scrolls of fear
 u - 3 scrolls of enchant weapon
 B - a scroll of enchant armour
 E - 8 scrolls of amnesia
Potions
 f - a potion of cancellation
 g - 2 potions of flight
 l - 2 potions of resistance
 m - a potion of attraction
 n - a potion of brilliance
 r - 4 potions of curing
 v - a potion of haste
 z - a potion of heal wounds
 C - a potion of magic {unknown}
Miscellaneous
 p - a piece from Xom's chessboard (15/15)


   Skills:
 + Level 9.9 Fighting
 + Level 12.9 Polearms
 - Level 2.0 Throwing
 - Level 6.5 Armour
 + Level 11.9 Dodging
 + Level 1.7 Invocations


You had 10 spell levels left.
You didn't know any spells.
Your spell library contained the following spells:

 Spells                   Type           Power      Damage    Failure   Level
 Apportation              Tloc           0%         N/A       45%         1
 Summon Small Mammal      Summ           0%         N/A       45%         1
 Slow                     Hex            0%         N/A       61%         2
 Call Canine Familiar     Summ           0%         N/A       83%         3
 Confusing Touch          Hex            0%         N/A       83%         3
 Mephitic Cloud           Conj/Pois/Air  0%         N/A       83%         3
 Portal Projectile        Hex/Tloc       0%         N/A       83%         3
 Summon Guardian Golem    Hex/Summ       0%         N/A       83%         3
 Tukima's Dance           Hex            0%         N/A       83%         3
 Vampiric Draining        Necr           0%         2d6       83%         3
 Leda's Liquefaction      Hex/Erth       0%         N/A       99%         4
 Passage of Golubria      Tloc           N/A        N/A       99%         4
 Alistair's Intoxication  Tmut/Pois      0%         N/A       100%        5
 Excruciating Wounds      Necr           0%         N/A       100%        5
 Yara's Violent Unravell  Hex/Tmut       0%         3d3       100%        5
 Invisibility             Hex            0%         N/A       100%        6
 Borgnjor's Revivificati  Necr           0%         N/A       100%        8
 Necromutation            Tmut/Necr      0%         N/A       100%        8
 Death's Door             Necr           0%         N/A       100%        9


Dungeon Overview and Level Annotations

Branches:
Dungeon (10/15)            Temple (1/1) D:7
   Lair: D:8-11         Orc: D:9-12

Altars:
Ashenzari
Cheibriados
Dithmenos
Elyvilon
Fedhas
Gozag
Hepliaklqana
Kikubaaqudgha
Makhleb
Nemelex Xobeh
Okawaru
Qazlal
Ru
Sif Muna
Trog
Uskayaw
Vehumet
Wu Jian
Xom
Yredelemnul
Zin
The Shining One

Annotations:
D:10 Erolcha


Innate Abilities, Weirdness & Mutations

((You are quick and stealthy near water. (Stealth+, EV+, Speed+++)))
Your lower body shifts to a powerful aquatic tail in water.


Message History

The Shining One accepts your kill.
No target in view!
No target in view!
No target in view!
Unknown command.
Key pressed, stopping explore.
Key pressed, stopping explore.
A death drake comes into view.
A death drake is nearby!
A death drake is nearby!
Okay, then.
The death drake hisses angrily.
Found 16 gold pieces.
Unknown command.
Unknown command.
As you read the scroll of teleportation, it crumbles to dust.
You feel strangely unstable.
You feel the power of the Abyss delaying your translocation!
The death drake breathes miasma at you. The foul vapour engulfs you!
You are poisoned.
You are engulfed in dark miasma.
You are lethally poisoned!
You feel yourself slow down.
* * * LOW HITPOINT WARNING * * *
You feel extremely sick.
Unknown command.
* * * LOW HITPOINT WARNING * * *
You feel extremely sick. The death drake misses you.
Unknown command.
You feel better. The death drake breathes miasma at you.
The foul vapour misses you. The death drake bites you.
* * * LOW HITPOINT WARNING * * *
Unknown command.
You are engulfed in dark miasma.
You are lethally poisoned!
* * * LOW HITPOINT WARNING * * *
You die...

..... ....... .....
........ ......
........ ......
#......#
......##......##.
.................
........°°.........
# ##@°#.#...#.## .
. #°○k$.# .. .. # #
#°°°#°..##..# . .
#. #.###...#. # ##
# #
###.#...#......# #
#.....#..#....#..
..#.
#.###..##........ .
##.# #.... .#...##
#..#.
#.....#.#....#


You could see a death drake (catching breath).

Vanquished Creatures
  A boulder beetle (D:7)
  2 two-headed ogres
  A deep elf pyromancer (D:7)
  Pikel (D:6)
  A gargoyle (D:6)
  An ancient zyme (Abyss:1)
  A hornet (D:7)
  A slime creature (D:7)
  A wraith (D:7)
  8 yaks
  A steam dragon (D:7)
  An ice beast (D:7)
  An orc warrior (D:9)
  4 black bears
  3 sky beasts
  A hornet zombie (D:6)
  6 centaurs
  2 ogres
  3 necrophages
  2 phantoms
  Blork the orc (D:4)
  2 kobold brigands
  A wyvern zombie (D:7)
  5 bullfrogs
  A gnoll sergeant (D:8)
  3 scorpions
  A wyvern skeleton (D:7)
  A small abomination (Abyss:1)
  A vampire bat (D:3)
  5 wights (D:8)
  A howler monkey (D:5)
  2 gnoll shamans
  2 hounds (D:7)
  2 orc priests
  A jelly (D:5)
  4 centaur skeletons
  A bullfrog skeleton (D:6)
  Ijyb (D:3)
  4 iguanas
  7 orc wizards
  2 howler monkey zombies
  10 gnolls
  3 howler monkey skeletons
  8 adders
  A shadow imp (D:7)
  A white imp (D:7)
  2 ufetubi
  An adder zombie (D:5)
  8 worms
  2 dart slugs
  3 fire bats (D:3)
  40 orcs
  2 spectral bats (D:3)
  15 ball pythons
  12 bats
  3 bat skeletons (D:3)
  A bat zombie (D:3)
  10 endoplasms
  A giant cockroach (D:1)
  10 goblins
  9 hobgoblins
  10 jackals
  9 quokkas
  A bat simulacrum (D:3)
  5 frilled lizards
  26 kobolds
  7 rats
  2 butterflies (D:6)
292 creatures vanquished.

Notes
Turn   | Place    | Note
-------+----------+-------------------------------------------
     0 | D:1      | Demosthentine the Merfolk Gladiator began the quest for the
                  | Orb.
     0 | D:1      | Reached XP level 1. HP: 16/16 MP: 1/1
   382 | D:1      | Reached XP level 2. HP: 23/23 MP: 2/2
   901 | D:1      | Reached XP level 3. HP: 27/28 MP: 3/3
  1133 | D:1      | Reached skill level 5 in Polearms
  1698 | D:2      | Reached skill level 1 in Armour
  1849 | D:2      | Reached XP level 4. HP: 21/35 MP: 4/4
  2570 | D:2      | Found a sacrificial altar of Ru.
  2620 | D:2      | Reached skill level 5 in Dodging
  2626 | D:2      | Reached XP level 5. HP: 38/41 MP: 5/5
  2795 | D:3      | Noticed Ijyb
  2814 | D:3      | Killed Ijyb
  3301 | D:3      | Reached skill level 6 in Polearms
  3301 | D:3      | Reached XP level 6. HP: 47/48 MP: 6/6
  3673 | D:3      | Found a burning altar of Makhleb.
  4315 | D:3      | You fall into a shaft and drop 1 floor!
  4358 | D:4      | Noticed Blork the orc
  4377 | D:4      | Killed Blork the orc
  4378 | D:4      | Reached XP level 7. HP: 39/55 MP: 7/7
  4509 | D:4      | Found a broken altar of Ashenzari.
  4569 | D:3      | Found a shadowy altar of Dithmenos.
  4799 | D:4      | Found a hide-covered altar of Uskayaw.
  4818 | D:4      | Reached skill level 7 in Polearms
  5209 | D:4      | Found a stormy altar of Qazlal.
  5482 | D:5      | Entered Level 5 of the Dungeon
  5541 | D:5      | Reached skill level 5 in Fighting
  5591 | D:5      | Reached XP level 8. HP: 61/62 MP: 8/8
  5658 | D:5      | Reached skill level 8 in Polearms
  5820 | D:5      | Found a basalt altar of Yredelemnul.
  5924 | D:5      | Found a white marble altar of Elyvilon.
  6269 | D:5      | Became a worshipper of Elyvilon the Healer
  6631 | D:6      | Identified the +4 robe of Ziny {rN+}
  6672 | D:6      | Reached skill level 9 in Polearms
  6680 | D:6      | Reached XP level 9. HP: 67/71 MP: 9/9
  6730 | D:6      | Found a shimmering altar of Xom.
  6847 | D:6      | Noticed a gargoyle
  6860 | D:6      | Killed a gargoyle
  7237 | D:7      | Noticed Pikel
  7257 | D:6      | Killed Pikel
  7258 | D:6      | Reached skill level 10 in Polearms
  7281 | D:7      | Reached * piety under Elyvilon
  7305 | D:7      | Noticed a hornet
  7310 | D:7      | Paralysed by a hornet for 3 turns
  7321 | D:7      | Killed a hornet
  7391 | D:7      | Reached skill level 5 in Armour
  7532 | D:7      | Reached XP level 10. HP: 80/80 MP: 10/10
  7625 | D:7      | Reached skill level 10 in Dodging
  7651 | D:7      | Reached skill level 11 in Polearms
  7676 | D:7      | Reached ** piety under Elyvilon
  7744 | D:7      | Found a burning altar of Makhleb.
  7744 | D:7      | Found a glowing golden altar of the Shining One.
  7745 | D:7      | Found a blossoming altar of Fedhas.
  7745 | D:7      | Found a hazy altar of Hepliaklqana.
  7755 | D:7      | Fell from the grace of Elyvilon
  7755 | D:7      | Became a worshipper of the Shining One
  7791 | D:7      | Identified the ring "Kujuong" {rC+ Dex+6}
  7796 | D:7      | Noticed a deep elf pyromancer
  7809 | D:7      | Killed a deep elf pyromancer
  7882 | D:7      | Noticed a two-headed ogre
  7882 | D:7      | Reached * piety under the Shining One
  7882 | D:7      | Noticed a boulder beetle
  7915 | D:7      | Found a sacrificial altar of Ru.
  8040 | D:7      | Found a bloodstained altar of Trog.
  8047 | D:7      | Found a staircase to the Ecumenical Temple.
  8054 | Temple   | Entered the Ecumenical Temple
  8570 | D:7      | Killed a two-headed ogre
  8718 | D:7      | Killed a boulder beetle
  8719 | D:7      | Reached skill level 12 in Polearms
  8947 | D:8      | Reached XP level 11. HP: 70/87 MP: 11/11
  9369 | D:8      | Found a sparkling altar of Nemelex Xobeh.
  9369 | D:8      | Found an opulent altar of Gozag.
  9640 | D:8      | Reached ** piety under the Shining One
  9642 | D:8      | Identified the +9 hand axe of Distant Shores {spect, Contam
                  | rCorr Int+8}
  9732 | D:8      | Noticed a two-headed ogre
  9744 | D:8      | Killed a two-headed ogre
  9750 | D:8      | Found a blossoming altar of Fedhas.
 10662 | D:9      | Got the Compendium of Sinister Air
 11082 | D:10     | Entered Level 10 of the Dungeon
 11097 | D:10     | Reached skill level 1 in Invocations
 11182 | D:10     | Noticed Erolcha
 11197 | D:10     | Cast into level 1 of the Abyss (Erolcha)
 11381 | Abyss:1  | Noticed a death drake
 11390 | Abyss:1  | HP: 3/90 [death drake] (11)]
 11390 | Abyss:1  | Succumbed to a death drake's dark miasma

Illustrated notes

Levels and vault maps discovered:
D:1:      dpeg_arrival_central, layout_loops_corners, minmay_pentomino_w4
D:2:      layout_basic, basic_altar, nrook_mini_backslash, grunt_ministairs_8,
          corexii_item_surrounded_by_moat, amethyst_killhole,
          minmay_indecisive_spiral
D:3:      minmay_razor_zed, layout_rooms, nicolae_overflow_crystal_walls,
          lemuel_coloured_pillars_altar, st_stairs_12, goddamned_bats, uniq_ijyb
D:4:      layout_gridville, mainiacjoe_overflow_concentric_impassable,
          nicolae_qazlal_eye_of_the_storm, general_overflow_altar,
          hangedman_glass_garden, uniq_blork_the_orc
D:5:      layout_basic, kennysheep_ying_yang
D:6:      layout_basic, xom_butterflies, chequers_serial_rivers_micro_a,
          patterned_corridor
D:7:      minmay_the_grid_octo_tiled_octocenter [minmay_the_grid_octo_chip,
          minmay_the_grid_octo_shrine, minmay_the_grid_octo_checkered,
          minmay_the_grid_octo_horde, minmay_the_grid_octo_prize_single_spiral,
          minmay_the_grid_square_5x5_two_small,
          minmay_the_grid_square_5x5_fat_x, minmay_the_grid_square_5x5_seven,
          minmay_the_grid_square_5x5_longway], layout_gridville,
          lemuel_tele_altar, lemuel_doored_altar, uniq_pikel
D:8:      layout_layer_cave, grunt_temple_overflow_opulence, lemuel_round_altar,
          kennysheep_decorative_pillar, minmay_misc_feat_encased
D:9:      layout_long_grid
D:10:     layout_roguey, orc_david_3, uniq_joseph, uniq_erolcha
Temple:   compressed_dpeg_triangle_lava_temple
Abyss:1:  base: D:1, bh_abyss_negative

Skill      XL: |  1  2  3  4  5  6  7  8  9 10 11 |
---------------+----------------------------------+-----
Polearms       | 5 6 7 9 10 12 | 12.9
Armour         | 1 2 3 4 5 6 |  6.5
Fighting       | 3 4 5 6 7 9 |  9.9
Dodging        | 5 6 8 9 11 | 11.9
Invocations    | 1 |  1.7
Throwing       | |  2.0

Action                   |  1- 3 |  4- 6 |  7- 9 | 10-12 || total
-------------------------+-------+-------+-------+-------++-------
Melee: Trident           |   175 |   324 |   390 |   524 ||  1413
Throw: Throwing net      |       |     5 |     4 |     1 ||    10
  Use: Scroll            |     1 |       |    11 |     5 ||    17
       Potion            |       |       |       |     7 ||     7
 Stab: Sleeping          |     3 |     7 |     2 |       ||    12
       Held in net/web   |       |     4 |     2 |       ||     6
       Distracted        |       |     1 |       |       ||     1
Armor: Leather armour    |    20 |    57 |    54 |    48 ||   179
Dodge: Dodged            |   111 |   274 |   253 |   350 ||   988

Table legend: (Time is in decaauts)
 A = Elapsed time spent in this place.
 B = Non-inter-level travel time spent in this place.
 C = Inter-level travel time spent in this place.
 D = Time resting spent in this place.
 E = Time spent auto-exploring this place.
 F = Levels seen in this place.
 G = Mean time per level.
                   A        B        C        D        E       F      G
               +--------+--------+--------+--------+--------+-----+--------+
         Total |  11181 |  10797 |    384 |     39 |   8670 |  12 |  931.8 |
       Dungeon |  10641 |  10257 |    384 |     39 |   8186 |  10 | 1064.1 |
        Temple |    356 |    356 |      0 |      0 |    339 |   1 |  356.0 |
         Abyss |    183 |    183 |      0 |      0 |    145 |   1 |  183.0 |
               +--------+--------+--------+--------+--------+-----+--------+

Top non-repeatable levels by time:
     D:1: 1680 daAuts
     D:3: 1677 daAuts
     D:8: 1373 daAuts
     D:7: 1232 daAuts
     D:2: 1123 daAuts
     D:4: 1002 daAuts
     D:6: 920 daAuts
     D:5: 816 daAuts
     D:9: 761 daAuts
  Temple: 356 daAuts
 Abyss:1: 183 daAuts
    D:10: 53 daAuts
